 Dungeon Crawl Stone Soup version 0.31-a0-177-g4aa6249778 (webtiles) character file.

Game seed: 17062386209685765733

759 qw the Shooter (level 7, -1/55 (64) HPs)
             Began as a Naga Hunter on June 18, 2023.
             Was an Initiate of Okawaru.
             Slain by a wight
             ... wielding a +4 battleaxe
              (8 damage)
             ... on level 6 of the Dungeon.
             The game lasted 00:01:30 (4348 turns).

qw the Shooter (Naga Hunter)                        Turns: 4348, Time: 00:01:31

HP:   -1/55 (64)    AC:  3    Str: 14    XL:     7   Next: 80%
MP:   7/7           EV: 10    Int: 11    God:    Okawaru [......]
Gold: 152           SH:  0    Dex: 16    Spells: 6/6 levels left

rFire   . . .        Y - +0 shortbow
rCold   . . .        (shield currently unavailable)
rNeg    . . .        e - +0 leather armour of Wasted Space {Drain rCorr Int+2}
rPois   +            (no helmet)
rElec   .            (no cloak)
rCorr   +            (no gloves)
SInv    +            (no barding)
Will    .....        (no amulet)
Stlth   ++           (no ring)
HPRegen 0.29/turn    (no ring)
MPRegen 0.10/turn

%: no passive effects
@: short of breath, heavily drained, very slow
A: AC +2, large, see invisible, deformed body, poison resistance, slowness 2,
spit poison 1, naga tail 1
a: Spit Poison, Renounce Religion


You were on level 6 of the Dungeon.
You worshipped Okawaru.
Okawaru was noncommittal.
You visited 1 branch of the dungeon, and saw 6 of its levels.

You collected 152 gold pieces.


Innate Abilities, Weirdness & Mutations

Your serpentine skin is tough. (AC +2)
You have supernaturally acute eyesight. (SInv)
Armour fits poorly on your strangely shaped body.
Your system is resistant to poisons. (rPois)
You cover ground very slowly.
You can spit poison.
You have a snake-like lower body.


   Skills:
 - Level 4.0 Fighting
 + Level 7.6 Ranged Weapons
 - Level 2.2 Dodging
 - Level 1.5 Stealth


You had 6 spell levels left.
You didn't know any spells.
Your spell library was empty.

Inventory:

Hand Weapons
 Y - a +0 shortbow (weapon)
Armour
 e - the +0 leather armour of Wasted Space (worn) {Drain rCorr Int+2}
   (You found it on level 2 of the Dungeon)

   Int:       It affects your intelligence (+2).
   rCorr:     It protects you from acid and corrosion.
   Drain:     It drains your maximum health when unequipped.
Scrolls
 b - a scroll of identify
Potions
 a - a potion of heal wounds
 g - a potion of enlightenment {unknown}
 h - a potion of attraction {unknown}
 i - a potion of might {unknown}
 j - a potion of curing {unknown}

Dungeon Overview and Level Annotations

Branches:
Dungeon (6/15)             Temple (0/1) D:4

Altars:
Okawaru


Message History

You climb downwards.
There is a stone staircase leading up here.
Waypoint 5 assigned to D:6.
Found an escape hatch in the ceiling.
Found a stone staircase leading down.
You now have 152 gold pieces (gained 7).
A wight and a hound come into view.
The wight is wielding a +4 battleaxe and wearing a +1 robe of cold resistance.
You shoot an arrow.
The arrow hits the wight but does no damage.
You shoot an arrow.
The arrow hits the wight but does no damage.
You shoot an arrow. The arrow barely misses the wight.
The hound barks!
4344 ||| INVOKING Spit Poison.
Aiming: Spit Poison (1% risk of failure)
Press: ? - help, Shift-Dir - straight line, f - hound, p - wight The splash of poison hits the hound.
The hound is moderately wounded.
You shoot an arrow. The arrow hits the wight.
The wight is lightly damaged.
A wight comes into view. It is wielding a +0 morningstar.
The wight hits you with a +4 battleaxe!
You feel drained.
A wight comes into view. It is wielding a +0 mace.
You shoot an arrow. The arrow closely misses the wight.
You have got your breath back.
The wight hits you with a +4 battleaxe.
You feel drained.
4347 ||| INVOKING Spit Poison.
Aiming: Spit Poison (1% risk of failure)
Press: ? - help, Shift-Dir - straight line, f - hound, p - wight The splash of poison hits the hound.
The hound is poisoned.
The hound is moderately wounded.
The hound bites you.
A wight comes into view.
It is wielding a +5 scimitar of freezing.
The wight hits you with a +4 battleaxe!
You feel drained. The hound misses you.
You shoot an arrow. The arrow completely misses the hound.
The hound bites you.
The wight hits you with a +4 battleaxe!!
You feel drained.
You die...

.. #######.## #
#........#
.###........#
............
#####..........
z.z..zzh.......
.#######@.......
............<...
.#######........
#######........
...............
#######........
#....#........
#.##.#.#.#####
#..#.#.#.#


You could see a hound (poisoned) and 4 wights.

Vanquished Creatures
  3 ogres
  A scorpion (D:5)
  A hound (D:5)
  An orc priest (D:3)
  A gnoll bouda (D:5)
  2 iguanas (D:5)
  2 orc wizards
  A sleepcap (D:5)
  3 gnolls (D:5)
  7 adders
  2 shadow imps (D:5)
  A white imp (D:5)
  An ufetubus (D:5)
  A worm (D:2)
  A dart slug (D:2)
  18 orcs
  10 endoplasms
  5 giant cockroaches
  7 goblins
  7 hobgoblins
  2 jackals (D:1)
  8 quokkas
  6 ball pythons
  5 frilled lizards
  6 kobolds
  5 rats
107 creatures vanquished.

Notes
Turn   | Place    | Note
-------+----------+-------------------------------------------
     0 | D:1      | qw the Naga Hunter began the quest for the Orb.
     0 | D:1      | Reached XP level 1. HP: 19/19 MP: 1/1
     0 | D:1      | 0 ||| qw: Version: 0.3-a-5-g6f28e65
     0 | D:1      | 0 ||| qw: Game counter: 546
     0 | D:1      | 0 ||| qw: Always use a shield: true
     0 | D:1      | 0 ||| qw: God list: Okawaru
     0 | D:1      | 0 ||| qw: Allow faded altars: false
     0 | D:1      | 0 ||| qw: Do Orc after D:15 true
     0 | D:1      | 0 ||| qw: Do second Lair branch before Depths: true
     0 | D:1      | 0 ||| qw: Lair rune preference: random
     0 | D:1      | 0 ||| qw: Plans: Normal
     0 | D:1      | 0 ||| PLANNING D:1-11
    35 | D:1      | You fall into a shaft and drop 1 floor!
    54 | D:2      | Identified the +0 leather armour of Wasted Space {Drain
                  | rCorr Int+2}
    90 | D:2      | 90 ||| INVOKING Spit Poison.
    94 | D:2      | 94 ||| INVOKING Spit Poison.
    96 | D:2      | Reached skill level 4 in Ranged Weapons
    96 | D:2      | Reached XP level 2. HP: 26/26 MP: 2/2
    99 | D:2      | 99 ||| INVOKING Spit Poison.
   119 | D:2      | 119 ||| UPGRADING to +0 leather armour of Wasted Space
                  | {Drain rCorr Int+2}.
   129 | D:2      | 129 ||| DROPPING +0 leather armour.
   130 | D:2      | 130 ||| READING scroll labelled XEIRUPN EWKAR.
   131 | D:2      | 131 ||| DROPPING scroll of butterflies.
   155 | D:1      | 155 ||| INVOKING Spit Poison.
   226 | D:1      | 226 ||| INVOKING Spit Poison.
   337 | D:1      | 337 ||| INVOKING Spit Poison.
   343 | D:1      | 343 ||| INVOKING Spit Poison.
   344 | D:1      | 344 ||| INVOKING Spit Poison.
   345 | D:1      | 345 ||| INVOKING Spit Poison.
   359 | D:1      | 359 ||| INVOKING Spit Poison.
   365 | D:1      | 365 ||| INVOKING Spit Poison.
   376 | D:1      | 376 ||| INVOKING Spit Poison.
   377 | D:1      | 377 ||| INVOKING Spit Poison.
   382 | D:1      | 382 ||| INVOKING Spit Poison.
   392 | D:1      | 392 ||| INVOKING Spit Poison.
   393 | D:1      | Reached XP level 3. HP: 32/32 MP: 3/3
   398 | D:1      | 398 ||| INVOKING Spit Poison.
   403 | D:1      | 403 ||| INVOKING Spit Poison.
   422 | D:1      | 422 ||| INVOKING Spit Poison.
   423 | D:1      | 423 ||| INVOKING Spit Poison.
   489 | D:1      | 489 ||| INVOKING Spit Poison.
   506 | D:1      | 506 ||| INVOKING Spit Poison.
   510 | D:1      | 510 ||| INVOKING Spit Poison.
   523 | D:1      | 523 ||| INVOKING Spit Poison.
   844 | D:1      | 844 ||| READING scroll labelled XOM HICSIOPNOT.
   845 | D:1      | 845 ||| READING scroll labelled UTUOCV UREO.
   892 | D:2      | 892 ||| INVOKING Spit Poison.
   909 | D:2      | 909 ||| INVOKING Spit Poison.
   914 | D:2      | 914 ||| INVOKING Spit Poison.
   954 | D:2      | 954 ||| INVOKING Spit Poison.
  1032 | D:2      | 1032 ||| INVOKING Spit Poison.
  1038 | D:2      | 1038 ||| INVOKING Spit Poison.
  1058 | D:2      | 1058 ||| INVOKING Spit Poison.
  1061 | D:2      | Reached skill level 5 in Ranged Weapons
  1061 | D:2      | Reached XP level 4. HP: 39/39 MP: 4/4
  1068 | D:2      | 1068 ||| INVOKING Spit Poison.
  1117 | D:2      | 1117 ||| INVOKING Spit Poison.
  1219 | D:2      | 1219 ||| INVOKING Spit Poison.
  1381 | D:2      | 1381 ||| READING scroll labelled BATUNU VIRCH.
  1397 | D:3      | 1397 ||| INVOKING Spit Poison.
  1411 | D:3      | 1411 ||| INVOKING Spit Poison.
  1415 | D:3      | 1415 ||| INVOKING Spit Poison.
  1416 | D:3      | Reached skill level 3 in Fighting
  1428 | D:3      | 1428 ||| INVOKING Spit Poison.
  1430 | D:3      | Reached XP level 5. HP: 40/49 MP: 5/5
  1436 | D:3      | 1436 ||| FLEEEEING.
  1440 | D:3      | 1440 ||| STAIRDANCE
  1498 | D:3      | 1498 ||| INVOKING Spit Poison.
  1513 | D:3      | 1513 ||| INVOKING Spit Poison.
  1517 | D:3      | 1517 ||| INVOKING Spit Poison.
  1521 | D:3      | 1521 ||| INVOKING Spit Poison.
  1541 | D:3      | 1541 ||| INVOKING Spit Poison.
  1544 | D:3      | 1544 ||| INVOKING Spit Poison.
  1547 | D:3      | 1547 ||| INVOKING Spit Poison.
  1552 | D:3      | 1552 ||| INVOKING Spit Poison.
  1637 | D:3      | 1637 ||| INVOKING Spit Poison.
  1825 | D:3      | 1825 ||| INVOKING Spit Poison.
  1829 | D:3      | 1829 ||| INVOKING Spit Poison.
  1864 | D:3      | 1864 ||| INVOKING Spit Poison.
  1870 | D:3      | 1870 ||| INVOKING Spit Poison.
  1873 | D:3      | 1873 ||| INVOKING Spit Poison.
  1877 | D:3      | Found an iron altar of Okawaru.
  1878 | D:3      | 1878 ||| PLANNING OKAWARU WORSHIP
  1878 | D:3      | 1878 ||| READING scroll labelled DUESOI UDORO.
  1879 | D:3      | 1879 ||| READING scroll labelled BEONGO JOMEUDU.
  1891 | D:3      | 1891 ||| INVOKING Spit Poison.
  1992 | D:3      | 1992 ||| DRINKING 5 silvery potions.
  1993 | D:3      | 1993 ||| DROPPING 4 potions of brilliance.
  1995 | D:3      | 1995 ||| INVOKING Spit Poison.
  2002 | D:3      | 2002 ||| INVOKING Spit Poison.
  2009 | D:3      | 2009 ||| INVOKING Spit Poison.
  2071 | D:3      | Became a worshipper of Warmaster Okawaru
  2072 | D:3      | 2072 ||| PLANNING D:1-11
  2098 | D:3      | 2098 ||| INVOKING Spit Poison.
  2260 | D:4      | 2260 ||| INVOKING Spit Poison.
  2285 | D:4      | Noticed an ogre
  2287 | D:4      | 2287 ||| INVOKING Spit Poison.
  2291 | D:4      | 2291 ||| INVOKING Spit Poison.
  2292 | D:4      | Killed an ogre
  2293 | D:4      | Reached skill level 6 in Ranged Weapons
  2293 | D:4      | Reached XP level 6. HP: 31/56 MP: 6/6
  2385 | D:4      | 2385 ||| INVOKING Spit Poison.
  2398 | D:4      | 2398 ||| INVOKING Spit Poison.
  2534 | D:4      | 2534 ||| INVOKING Spit Poison.
  2571 | D:4      | Found a staircase to the Ecumenical Temple.
  2692 | D:4      | 2692 ||| INVOKING Spit Poison.
  2753 | D:4      | 2753 ||| INVOKING Spit Poison.
  2759 | D:4      | 2759 ||| INVOKING Spit Poison.
  2806 | D:4      | 2806 ||| READING scroll labelled AWUFOGRA PIOXE.
  2898 | D:4      | 2898 ||| READING scroll labelled ZAUKYP VAKKOD.
  2932 | D:5      | Entered Level 5 of the Dungeon
  3204 | D:5      | 3204 ||| INVOKING Spit Poison.
  3205 | D:5      | 3205 ||| INVOKING Spit Poison.
  3212 | D:5      | 3212 ||| INVOKING Spit Poison.
  3214 | D:5      | Reached XP level 7. HP: 34/64 MP: 7/7
  3349 | D:5      | 3349 ||| INVOKING Spit Poison.
  3352 | D:5      | 3352 ||| INVOKING Spit Poison.
  3355 | D:5      | 3355 ||| INVOKING Spit Poison.
  3363 | D:5      | 3363 ||| INVOKING Spit Poison.
  3367 | D:5      | 3367 ||| INVOKING Spit Poison.
  3406 | D:5      | 3406 ||| INVOKING Spit Poison.
  3459 | D:5      | 3459 ||| INVOKING Spit Poison.
  3461 | D:5      | Reached skill level 7 in Ranged Weapons
  3497 | D:5      | 3497 ||| INVOKING Spit Poison.
  3787 | D:5      | 3787 ||| INVOKING Spit Poison.
  3788 | D:5      | 3788 ||| INVOKING Spit Poison.
  3792 | D:5      | 3792 ||| INVOKING Spit Poison.
  3979 | D:5      | 3979 ||| INVOKING Spit Poison.
  3981 | D:5      | Reached * piety under Okawaru
  4025 | D:5      | 4025 ||| INVOKING Heroism.
  4026 | D:5      | 4026 ||| INVOKING Spit Poison.
  4031 | D:5      | 4031 ||| INVOKING Spit Poison.
  4037 | D:5      | 4037 ||| INVOKING Spit Poison.
  4041 | D:5      | 4041 ||| INVOKING Spit Poison.
  4043 | D:5      | 4043 ||| INVOKING Heroism.
  4048 | D:5      | 4048 ||| INVOKING Spit Poison.
  4282 | D:5      | 4282 ||| DRINKING 3 brown potions.
  4283 | D:5      | 4283 ||| READING 2 scrolls of identify.
  4283 | D:5      | 4283 ||| IDENTIFYING coppery potion
  4284 | D:5      | 4284 ||| DROPPING 2 potions of invisibility.
  4344 | D:6      | 4344 ||| INVOKING Spit Poison.
  4347 | D:6      | 4347 ||| INVOKING Spit Poison.
  4348 | D:6      | HP: 7/58 [wight/+4 battleaxe (20)]
  4348 | D:6      | Slain by a wight

Levels and vault maps discovered:
D:1:      minmay_arrival_four_circles, layout_loops_ring, minmay_tetromino_t2
D:2:      layout_loops_ring
D:3:      layout_rooms, mainiacjoe_overflow_surrounded_room
D:4:      layout_loops_ring, minmay_temple_entry_butterflies
D:5:      layout_loops_corners, chequers_garden, grunt_ministairs_10
D:6:      layout_basic, serial_shops, kennysheep_mini, nicolae_shop_rolled_up

Skill      XL: |  1  2  3  4  5  6  7 |
---------------+----------------------+-----
Ranged Weapons | 4 5 6 7 |  7.6
Fighting       | 3 4 |  4.0
Dodging        | 2 |  2.2
Stealth        | |  1.5

Action                     |  1- 3 |  4- 6 |  7- 9 || total
---------------------------+-------+-------+-------++-------
   Fire: Shortbow          |    64 |   111 |    99 ||   274
 Invoke: Heroism           |       |       |     2 ||     2
Ability: Spit Poison       |    26 |    37 |    18 ||    81
    Use: Scroll            |     3 |     5 |     1 ||     9
         Potion            |       |     1 |     1 ||     2
 Armour: Leather armour    |     5 |     5 |     8 ||    18
  Dodge: Dodged            |    12 |    25 |    37 ||    74

Table legend:
 A = Non-vault XP
 B = Vault XP
 C = Vault XP percentage of total XP
 D = Non-vault monster count
 E = Vault monster count
 F = Vault count percentage of total count
                 A         B        C        D         E       F
            +---------+---------+-------+---------+---------+-------
      Total |    1033 |      52 |   4.8 |     103 |       4 |   3.7
            +---------+---------+-------+---------+---------+-------
        D:1 |      44 |       3 |   6.4 |      25 |       2 |   7.4
        D:2 |      58 |       0 |   0.0 |      18 |       0 |   0.0
        D:3 |     171 |       0 |   0.0 |      30 |       0 |   0.0
        D:4 |     254 |       0 |   0.0 |      12 |       0 |   0.0
        D:5 |     506 |      49 |   8.8 |      18 |       2 |  10.0
            +---------+---------+-------+---------+---------+-------
